 Dungeon Crawl Stone Soup version 0.31-a0-1001-g770356a28f (webtiles) character file.

Game seed: 11329738291194417247

315 MacCMillion the Ruffian (level 6, 0/43 HPs)
             Began as an Octopode Shapeshifter on Nov 8, 2023.
             Was an Initiate of Gozag.
             Slain by an acid dragon (11 damage)
             ... on level 4 of the Dungeon.
             The game lasted 00:07:30 (4543 turns).

MacCMillion the Ruffian (Octopode Shapeshifter)     Turns: 4543, Time: 00:07:31

Health: 0/43       AC:  1    Str: 16    XL:     6   Next: 43%
Magic:  6/6        EV: 13    Int: 12    God:    Gozag
Gold:   191        SH:  0    Dex: 11    Spells: 5/5 levels left

rFire   . .          .
                       - Unarmed
rCold   . . .        (no shield)
rNeg    . . .        (helmet currently unavailable)
rPois   .            (no amulet)
rElec   .            (no ring)
rCorr   .            (no ring)
SInv    .            (no ring)
Will    .....        (no ring)
Stlth   +++          (no ring)
HPRegen 0.27/turn    (no ring)
MPRegen 0.10/turn    (no ring)
                     (no ring)

%: no passive effects
@: beast-form
A: beast (slay +1), almost no armour, amphibious, 8 rings, camouflage 1,
gelatinous body 1, (nimble swimmer 1), tentacles
a: Begin Untransformation, Renounce Religion, Potion Petition, Call Merchant,
Bribe Branch


You were on level 4 of the Dungeon.
You worshipped Gozag.
Gozag was aware of your devotion.
You were a hulking beast.
You visited 2 branches of the dungeon, and saw 6 of its levels.

You collected 231 gold pieces.
You paid 40 gold pieces to Gozag.

Inventory:

Jewellery
 l - a ring of protection from fire
 q - a ring of see invisible
 u - a ring of flight
 v - a ring of fire
Talismans
 b - a beast talisman
 c - a flux talisman
Wands
 p - a wand of charming (7)
Scrolls
 d - a scroll of blinking {unknown}
 f - 3 scrolls of immolation {unknown}
 g - a scroll of vulnerability {unknown}
 i - a scroll of identify {unknown}
 m - 4 scrolls of teleportation {unknown}
 r - a scroll of acquirement {unknown}
 t - 2 scrolls of enchant armour {unknown}
Potions
 a - a potion of lignification
 e - 3 potions of curing {unknown}
 h - 2 potions of heal wounds {unknown}
 j - a potion of haste {unknown}
 k - a potion of brilliance {unknown}
 n - a potion of resistance {unknown}
 o - 2 potions of cancellation {unknown}
 s - a potion of might {unknown}


   Skills:
 + Level 3.9 Fighting
 - Level 2.0 Dodging
 - Level 4.0 Stealth
 + Level 4.9 Unarmed Combat
 - Level 3.0 Shapeshifting


You had 5 spell levels left.
You didn't know any spells.
Your spell library contained the following spells:

 Spells                   Type           Power      Damage    Failure   Level
 Tukima's Dance           Hex            0%         N/A       69%         3
 Dimensional Bullseye     Hex/Tloc       0%         N/A       97%         4
 Iskenderun's Mystic Bla  Conj/Tloc      0%         2d3       97%         4


Dungeon Overview and Level Annotations

Branches:
Dungeon (5/15)             Temple (1/1) D:4

Altars:
Ashenzari
Cheibriados
Dithmenos
Fedhas
Gozag
Kikubaaqudgha
Makhleb
Okawaru
Qazlal
Ru
Sif Muna
Trog
Uskayaw
Yredelemnul

Shops:
D:3 (

Annotations:
D:3 1 runed translucent door, Crazy Yiuf, Sigmund
D:4 1 runed translucent door, exclusion: ogre
D:5 exclusion: acid dragon
Temple 2 transporters


Innate Abilities, Weirdness & Mutations

You are a hulking beast.
Your limbs bulge with bestial killing power. (Slay +1)
You cannot wear most types of armour.
You are amphibious.
You can wear up to eight rings at the same time.
Your skin changes colour to match your surroundings (Stealth+).
Your rubbery body absorbs attacks. (AC +1, EV +1)
((You are camouflaged when in or above water. (Stealth+)))
You have tentacles for arms and can constrict up to eight enemies at once.


Message History

The orc wizard flickers and vanishes!
Deactivating autopickup; reactivate with Ctrl-A.
You climb upwards.
Level annotation: 1 runed translucent door, exclusion: ogre Reactivating autopickup.
There is a stone staircase leading down here.
You start resting.
HP restored.
You climb downwards.
Level annotation: exclusion: acid dragon The orc closely misses you.
The acid dragon bites you. The acid dragon claws you.
There is a stone staircase leading up here.
The orc barely misses you.
The orc wizard gestures wildly while chanting.
The orc wizard flickers and vanishes!
Deactivating autopickup; reactivate with Ctrl-A.
The acid dragon bites you. The acid dragon claws you.
You climb upwards.
Level annotation: 1 runed translucent door, exclusion: ogre Reactivating autopickup.
There is a stone staircase leading down here.
You tentacle-slap the acid dragon.
The acid dragon is moderately wounded.
The acid dragon bites you! The acid dragon claws you.
The orc hits you with a +0 short sword.
You closely miss the acid dragon.
The acid dragon is moderately wounded.
The acid dragon bites you! The acid dragon closely misses you.
The orc closely misses you.
You tentacle-slap the acid dragon but do no damage.
The acid dragon is moderately wounded.
The acid dragon bites you. The acid dragon claws you.
* * * LOW HITPOINT WARNING * * *
The orc barely misses you.
You closely miss the acid dragon. You squeeze the acid dragon!
The acid dragon is heavily wounded.
The acid dragon bites you!
You die...
Your body crumbles into a pile of gold.

####### ......#
#####.# # #.# # #.#
##### ## #.# #...#
.####.# #...# ......#
####..)####
...#..######....h....#
#.......)....)..Do...#
#.....######.........#
###........####...####
#.....####...##...#
#.#...# ###.##...#
..#..## #.###.##
...#.# #.# #.# .....#
#.# #.#


You could see an acid dragon and an orc.

Vanquished Creatures
  A jelly (D:4)
  An orc priest (D:2)
  2 hounds
  Jessica (D:3)
  An iguana (D:4)
  An orc wizard (D:3)
  3 gnolls (D:4)
  2 adders
  2 worms
  3 orcs
  3 ball pythons
  4 bats
  9 endoplasms
  3 giant cockroaches
  7 hobgoblins
  3 quokkas (D:2)
  4 frilled lizards
  6 goblins
  A jackal skeleton (D:4)
  2 jackal zombies (D:4)
  5 kobolds
  6 rats
70 creatures vanquished.

Notes
Turn   | Place    | Note
-------+----------+-------------------------------------------
     0 | D:1      | MacCMillion the Octopode Shapeshifter began the quest for
                  | the Orb.
     0 | D:1      | Reached XP level 1. HP: 13/13 MP: 1/1
   124 | D:1      | Reached skill level 1 in Stealth
   125 | D:1      | Reached XP level 2. HP: 11/18 MP: 2/2
   252 | D:1      | You fall into a shaft and drop 1 floor!
   564 | D:2      | Reached XP level 3. HP: 17/24 MP: 3/3
  1774 | D:3      | Noticed Sigmund
  1903 | D:3      | Found a faded altar of an unknown god.
  1921 | D:3      | Found a runed translucent door.
  1922 | D:3      | Noticed Crazy Yiuf
  2058 | D:2      | Reached XP level 4. HP: 4/30 MP: 4/4
  2289 | D:3      | Found Jokhewk's Antique Weapon Shop.
  2381 | D:3      | Noticed Jessica
  2400 | D:3      | Found a blossoming altar of Fedhas.
  2456 | D:3      | Killed Jessica
  2457 | D:3      | Reached XP level 5. HP: 36/36 MP: 5/5
  2996 | D:4      | Noticed an ogre
  3097 | D:4      | Found a staircase to the Ecumenical Temple.
  3113 | Temple   | Found a transporter.
  3113 | Temple   | Found a transporter.
  3113 | Temple   | Found a transporter.
  3113 | Temple   | Found a transporter.
  3113 | Temple   | Entered the Ecumenical Temple
  3125 | Temple   | Became a worshipper of Gozag Ym Sagoz the Greedy
  3194 | D:4      | Reached XP level 6. HP: 35/42 MP: 6/6
  3386 | D:4      | Noticed a human
  3396 | D:4      | Found a runed translucent door.
  3398 | D:4      | Found a basalt altar of Yredelemnul.
  3736 | D:4      | Found a hide-covered altar of Uskayaw.
  4312 | D:5      | Entered Level 5 of the Dungeon
  4322 | D:5      | Noticed an acid dragon
  4543 | D:4      | Slain by an acid dragon

Illustrated notes

Levels and vault maps discovered:
D:1:      minmay_arrival_three_doors, layout_loops_cross
D:2:      layout_loops_ring, kennysheep_generic_room_11
D:3:      layout_loops_corners, mainiacjoe_overflow_brackets,
          basic_ecumenical_altar, serial_shops, shop, uniq_jessica,
          uniq_crazy_yiuf_cottage, uniq_sigmund
D:4:      layout_loops_ring, nicolae_uskayaw_murder_on_the_dancefloor,
          dk_yredelemnul_ordeal, temple_green, serial_forest,
          infiniplex_forest_clump_large, infiniplex_forest_clump_tiny,
          infiniplex_forest_end_3, infiniplex_forest_straight_2,
          infiniplex_forest_straight_2, infiniplex_forest_lined_corner,
          infiniplex_forest_diagonal, infiniplex_forest_clump_small
D:5:      nicolae_BIG_FREAKIN_CUBE, layout_basic, minitemple,
          uniq_prince_ribbit1
Temple:   hellmonk_temple_divided_pantheon

Skill      XL: |  1  2  3  4  5 |
---------------+----------------+-----
Stealth        | 1 2 3 4 |  4.0
Fighting       | 2 3 |  3.9
Unarmed Combat | 4 |  4.9
Dodging        | |  2.0
Shapeshifting  | |  3.0

Action                     |  1- 3 |  4- 6 || total
---------------------------+-------+-------++-------
  Melee: Unarmed           |    75 |    71 ||   146
         Constrict         |    17 |    18 ||    35
         Tentacles         |    14 |    22 ||    36
         Punch             |       |     4 ||     4
   Stab: Sleeping          |     8 |     8 ||    16
 Armour: Skin              |    23 |    25 ||    48
  Dodge: Dodged            |    32 |    32 ||    64

Table legend: (Time is in decaauts)
 A = Elapsed time spent in this place.
 B = Non-inter-level travel time spent in this place.
 C = Inter-level travel time spent in this place.
 D = Time resting spent in this place.
 E = Time spent auto-exploring this place.
 F = Levels seen in this place.
 G = Mean time per level.
                   A        B        C        D        E       F      G
               +--------+--------+--------+--------+--------+-----+--------+
         Total |   4536 |   4329 |    207 |    655 |   2876 |   6 |  756.0 |
       Dungeon |   4507 |   4309 |    198 |    655 |   2876 |   5 |  901.4 |
        Temple |     28 |     19 |      9 |      0 |      0 |   1 |   28.0 |
               +--------+--------+--------+--------+--------+-----+--------+

Top non-repeatable levels by time:
     D:4: 1507 daAuts
     D:2: 1217 daAuts
     D:3: 965 daAuts
     D:1: 727 daAuts
     D:5: 89 daAuts
  Temple: 28 daAuts
